 Dungeon Crawl Stone Soup version 0.24-a0-264-gf46a388 (webtiles) character file.

Game seed: 8909474534601286327

33 Hasart the Cutter (level 3, -4/22 HPs)
             Began as a Kobold Gladiator on Apr 20, 2019.
             Slain by Natasha (8 damage)
             ... on level 2 of the Dungeon.
             The game lasted 00:01:37 (1055 turns).

Hasart the Cutter (Kobold Gladiator)                Turns: 1055, Time: 00:01:38

Health: -4/22      AC:  4    Str: 12    XL:     3   Next: 47%
Magic:  3/3        EV: 16    Int:  9    God:
Gold:   48         SH:  0    Dex: 16    Spells: 2/2 levels left

rFire    . . .     SeeInvis .   a - +0 rapier
rCold    . . .     Gourm    .   (shield restricted)
rNeg     . . .     Faith    .   b - +0 leather armour
rPois    .         Spirit   .   c - +0 helmet
rElec    .         Reflect  .   (no cloak)
rCorr    .         Harm     .   (no gloves)
MR       .....                  (no boots)
Stlth    ++........             (no amulet)
HPRegen  0.07/turn              (no ring)
MPRegen  0.08/turn              (no ring)

@: slowed, very slow
A: small, carnivore
a: no special abilities


You were on level 2 of the Dungeon.
You were completely stuffed.

You visited 1 branch of the dungeon, and saw 2 of its levels.

You collected 48 gold pieces.

Inventory:

Hand Weapons
 a - a +0 rapier (weapon)
Missiles
 d - 3 throwing nets (quivered)
Armour
 b - a +0 leather armour (worn)
 c - a +0 helmet (worn)
Scrolls
 g - a scroll of teleportation {unknown}
 i - 2 scrolls of remove curse {unknown}
 j - a scroll of amnesia {unknown}
Potions
 e - a potion of agility {unknown}
Comestibles
 f - 3 rations


   Skills:
 + Level 2.6 Fighting
 * Level 4.6 Short Blades
 - Level 2.1 Throwing
 + Level 0.7 Armour
 + Level 3.9 Dodging
 + Level 1.3 Stealth


You had 2 spell levels left.
You didn't know any spells.
Your spell library was empty.

Dungeon Overview and Level Annotations

Branches:
Dungeon (2/15)

Altars:

Annotations:
D:2 Natasha


Innate Abilities, Weirdness & Mutations

You are small and have problems with some larger weapons.
You are carnivorous and can eat meat at any time.


Message History

Natasha casts a spell at you. The magic dart hits you.
You hit Natasha.
Natasha is moderately wounded.
The worm bites you!
Ouch! That really hurt!
* * * LOW HITPOINT WARNING * * *
Natasha barely misses you.
An adder comes into view.
The kobold barely misses you.
The adder hisses angrily.
You hit Natasha.
Natasha is heavily wounded.
Natasha barely misses you. The kobold barely misses you.
The worm bites you but does no damage.
You hit Natasha but do no damage.
Natasha is heavily wounded.
Natasha closely misses you. The kobold hits you but does no damage.
Natasha claws you!
You die...

# #. #. #.#
###.##.# ###
#......## #..
.##.......###.# #
...........##.# .#
.##.....%...#.###.#
...S..hK..........#
..#..@....###.###
#.w....## #.#
#.#....# #.#
...##.#.# #># #.#
###.# #.# #. #.#
#.# # #.# #.#
#.########
#.<......#


You could see a worm, Natasha, an adder and a kobold.

Vanquished Creatures
  A gnoll (D:1)
  A leopard gecko (D:1)
  5 bats
  A giant cockroach (D:1)
  4 goblins (D:1)
  3 hobgoblins (D:1)
  3 frilled lizards (D:1)
  A kobold (D:1)
  4 rats (D:1)
23 creatures vanquished.

Notes
Turn   | Place    | Note
-------+----------+-------------------------------------------
     0 | D:1      | Hasart the Kobold Gladiator began the quest for the Orb.
     0 | D:1      | Reached XP level 1. HP: 12/12 MP: 1/1
   116 | D:1      | Reached XP level 2. HP: 5/18 MP: 2/2
   528 | D:1      | Reached skill level 1 in Stealth
   535 | D:1      | Reached XP level 3. HP: 22/22 MP: 3/3
  1049 | D:2      | Noticed Natasha
  1055 | D:2      | Slain by Natasha

Levels and vault maps discovered:
D:1:      evilmike_arrival_crescent, layout_basic, serial_bayou_ford_a,
          minmay_box_of_dots
D:2:      layout_loops_ring, nicolae_tso_swordbearing_angel,
          grunt_temple_overflow_open, first_ration, uniq_natasha, uniq_sigmund

Skill      XL: |  1  2 |
---------------+-------+-----
Stealth        | 1 |  1.3
Fighting       | |  2.6
Short Blades   | |  4.6
Throwing       | |  2.1
Armour         | |  0.7
Dodging        | |  3.9

Action                   || total
-------------------------++-------
Melee: Rapier            ||    61
 Stab: Sleeping          ||     5
  Eat: Chunk             ||     9
Armor: Leather armour    ||    13
Dodge: Dodged            ||    51

Table legend:
 A = Non-vault XP
 B = Vault XP
 C = Vault XP percentage of total XP
 D = Non-vault monster count
 E = Vault monster count
 F = Vault count percentage of total count
                 A         B        C        D         E       F
            +---------+---------+-------+---------+---------+-------
      Total |      40 |       8 |  16.7 |      19 |       4 |  17.4
            +---------+---------+-------+---------+---------+-------
        D:1 |      38 |       8 |  17.4 |      18 |       4 |  18.2
        D:2 |       2 |       0 |   0.0 |       1 |       0 |   0.0
            +---------+---------+-------+---------+---------+-------
